[Event "Team 45 45 League T34"]
[Site "Internet Chess Club"]
[Date "2007.08.02"]
[Round "3"]
[White "Lyko"]
[Black "Queen"]
[Result "0-1"]
[WhiteElo "1431"]
[BlackElo "1774"]
[Opening "French: Rubinstein variation"]
[ECO "C10"]
[Time "13:52:40"]
[TimeControl "2700+45"]

1. e4 e6 2. d4 d5 3. Nc3 dxe4 4. Nxe4 Nf6 5. Bg5 Be7 6. Nxf6+ Bxf6 7. Bxf6 Qxf6
8. Nf3 Bd7 9. Bc4 O-O 10. O-O Qg6 11. Ne5 Qf6 12. Nxd7 Nxd7 13. Bb3 Rad8 14. c4
Nc5 15. d5 exd5 16. cxd5 Qxb2 17. Bc2 Qe5 18. Re1 Qxd5 19. Qxd5 Rxd5 20. Re7 Rd7
21. Rxd7 Nxd7 22. Bf5 Ne5 23. Re1 Rd8 24. f4 Nc6 25. Bd7 Kf8 26. Bxc6 bxc6 27.
Rc1 Rd6 28. g3 Ke7 29. Ra1 c5 30. Kg2 Kd7 31. Kf3 f5 32. h3 Kc6 33. g4 Rd3+ 34.
Kg2 fxg4 35. hxg4 c4 36. Kf2 Kd5 37. Ke2 c5 38. Rb1 Rc3 39. Rb7 Rc2+ 40. Ke3
Rxa2 41. Rxg7 Ra3+ 42. Kf2 Ke4 43. f5 c3 44. Re7+ Kf4 45. Re2 Kg5 46. Re5 c2 47.
Rxc5 Kxg4 48. f6 Rf3+ 49. Ke2 c1=Q 50. Rxc1 Rxf6 51. Ra1 Re6+ 52. Kd3 a6 53. Kd4
h5 54. Kd5 Rh6 55. Rg1+ Kf3 56. Rf1+ Kg2 57. Ra1 h4 58. Ke5 h3 59. Kf4 Rf6+ 60.
Kg4 h2 61. Ra2+ Rf2 62. Rxa6 h1=Q 63. Rg6 Qh3+ 64. Kg5 Rf5# {White checkmated}
0-1

[Event "Team 45 45 League T34"]
[Site "Internet Chess Club"]
[Date "2007.08.06"]
[Round "3"]
[White "scottrugby"]
[Black "EyeAm"]
[Result "1/2-1/2"]
[WhiteElo "1414"]
[BlackElo "1382"]
[Opening "Petrov: Nimzovich attack"]
[ECO "C42"]
[Time "11:58:10"]
[TimeControl "2700+45"]

1. e4 e5 2. Nf3 Nf6 3. Nxe5 d6 4. Nf3 Nxe4 5. Nc3 Nxc3 6. dxc3 Be7 7. Be3 O-O 8.
Qd2 Nd7 9. O-O-O Ne5 10. Be2 Be6 11. Kb1 Nc4 12. Bxc4 Bxc4 13. Qd4 Be6 14. h4
Bf6 15. Bg5 Bxd4 16. Bxd8 Rfxd8 17. cxd4 a5 18. Ng5 Re8 19. Nxe6 Rxe6 20. Rde1
Rae8 21. Rxe6 Rxe6 22. c3 Re2 23. Rf1 f5 24. g3 Kf7 25. f4 Rg2 26. Rf3 b5 27. a3
Re2 28. Kc1 Ke6 29. Rd3 Kd5 30. Rd2 Re1+ 31. Rd1 Rxd1+ 32. Kxd1 Kc4 33. Kc2 a4
34. Kd2 Kb3 35. Kc1 h5 36. Kb1 c5 {Game drawn by mutual agreement} 1/2-1/2

[Event "Team 45 45 League T34"]
[Site "Internet Chess Club"]
[Date "2007.08.02"]
[Round "3"]
[White "Duguesclin"]
[Black "Budzo"]
[Result "1-0"]
[WhiteElo "1704"]
[BlackElo "1785"]
[Opening "QGD Slav defense"]
[ECO "D10"]
[Time "17:55:37"]
[TimeControl "2700+45"]

1. d4 d5 2. c4 c6 3. Nc3 Nf6 4. Bf4 e6 5. c5 b6 6. b4 Nbd7 7. Nf3 a5 8. a3 Ba6
9. b5 cxb5 10. c6 Rc8 11. cxd7+ Qxd7 12. Ne5 Qb7 13. Na2 Bxa3 14. e3 O-O 15. Bd3
b4 16. O-O Bxd3 17. Nxd3 Ne4 18. f3 Nc3 19. Nxc3 Rxc3 20. Nc1 Rfc8 21. Ne2 Rc2
22. Qd3 Qc6 23. Ng3 Qc4 24. Qd1 Rc1 25. Rxc1 Qxc1 26. Qa4 Qc6 27. Qb3 Qc3 28.
Qa4 Qc6 29. Qb3 a4 30. Qa2 b5 31. e4 Qc2 32. Qxc2 Rxc2 33. exd5 exd5 34. Bd6 Rc4
35. Nf5 Bb2 36. Re1 Rc1 37. Rxc1 Bxc1 38. Bxb4 a3 39. Ne7+ Kh8 40. Nxd5 Bb2 41.
Nc3 Bxc3 42. Bxc3 a2 43. d5 Kg8 44. Kf2 Kf8 45. Ke3 f6 46. Kd4 Ke7 47. Kc5 Kd7
48. h4 g5 49. Bxf6 gxh4 50. Kxb5 Kd6 51. Kc4 {Black resigns} 1-0

[Event "Team 45 45 League T34"]
[Site "Internet Chess Club"]
[Date "2007.08.04"]
[Round "3"]
[White "jks2000"]
[Black "JeCrainsDegun"]
[Result "0-1"]
[WhiteElo "1659"]
[BlackElo "1648"]
[Opening "English: ultra-symmetrical variation"]
[ECO "A36"]
[Time "12:02:42"]
[TimeControl "2700+45"]

1. c4 c5 2. g3 g6 3. Bg2 Bg7 4. Nc3 Nc6 5. a3 e6 6. Rb1 Nge7 7. e4 O-O 8. b4 d6
9. Nge2 e5 10. d3 cxb4 11. axb4 Qc7 12. Qa4 Bd7 13. b5 Nd8 14. b6 Qc8 15. Qb4
Qc6 16. bxa7 Rxa7 17. Nb5 Ra6 18. Ba3 Nc8 19. Nec3 f5 20. Nd5 f4 21. Nxd6 Qxd6
22. Qxd6 Nxd6 23. Bxd6 Rxd6 24. gxf4 exf4 25. Bf3 Bc6 26. Ne7+ Kh8 27. Ke2 Rd7
28. Nxc6 Nxc6 29. Bg4 Rc7 30. f3 Nd4+ 31. Kf2 Be5 32. Rb6 Rf6 33. Rhb1 Rxb6 34.
Rxb6 Nc6 35. Ke2 Bd4 36. Rb1 Be3 37. h4 h5 38. Bh3 Nd4+ 39. Kf1 Nxf3 40. Ra1
Nxh4 41. Ra8+ Kg7 42. Be6 Rc6 43. Bd5 Rb6 44. Rg8+ Kf6 45. Rf8+ Ke5 46. Re8+ Kd4
47. Rd8 Rb1+ 48. Ke2 Rb2+ 49. Kf1 Rf2+ 50. Ke1 Nf3+ 51. Kd1 Kc3 {White resigns}
0-1

[Event "Team 45 45 League T34"]
[Site "Internet Chess Club"]
[Date "2007.08.05"]
[Round "3"]
[White "rooney95"]
[Black "Mutaant"]
[Result "1-0"]
[WhiteElo "1470"]
[BlackElo "1487"]
[Opening "Queen's pawn game, Chigorin variation"]
[ECO "A40"]
[Time "13:52:57"]
[TimeControl "2700+45"]

1. d4 Nc6 2. Nf3 d5 3. e3 Bg4 4. Be2 a6 5. Nc3 Nf6 6. Nd2 Bf5 7. a3 e6 8. Bd3
Bxd3 9. cxd3 Bd6 10. Nf3 Na7 11. e4 Nd7 12. O-O c6 13. e5 Be7 14. Bf4 f6 15. Qe2
f5 16. Qe3 h6 17. Nd2 g5 18. Qg3 Qb6 19. Nf3 O-O-O 20. Bc1 g4 21. Nh4 Bg5 22.
Ng6 Rh7 23. Nf4 Re8 24. Nce2 Nb5 25. Qe3 h5 26. a4 Nc7 27. Nc3 Qb4 28. Rb1 Nb6
29. Bd2 Qe7 30. b4 h4 31. Qe2 Qg7 32. f3 g3 33. h3 Be7 34. b5 axb5 35. axb5 c5
36. Be3 cxd4 37. Bxd4 Nd7 38. b6 Na6 39. Nxe6 Qh6 40. Nc7 Nxc7 41. bxc7 Bc5 42.
Bxc5 Nxc5 43. Nxd5 Qe6 44. Nb6+ Kxc7 45. Rfc1 Kc6 46. d4 Rd8 47. Rxc5# {Black
checkmated} 1-0

[Event "Team 45 45 League T34"]
[Site "Internet Chess Club"]
[Date "2007.08.05"]
[Round "3"]
[White "Kasparklunk"]
[Black "Chessadelic"]
[Result "0-1"]
[WhiteElo "1472"]
[BlackElo "1669"]
[Opening "Sicilian defense"]
[ECO "B30"]
[Time "09:48:43"]
[TimeControl "2700+45"]

1. e4 c5 2. Nf3 Nc6 3. c3 Nf6 4. e5 Nd5 5. d4 cxd4 6. cxd4 d6 7. Nc3 dxe5 8.
dxe5 Be6 9. Nxd5 Bxd5 10. Bf4 e6 11. Be2 Bb4+ 12. Bd2 Bxd2+ 13. Qxd2 Bxf3 14.
Qxd8+ Rxd8 15. Bxf3 Nxe5 16. Bxb7 Rb8 17. Ba6 Rxb2 18. O-O Ke7 19. Rfe1 Kf6 20.
a4 Rd8 21. h3 Rd6 22. Bb5 Rdd2 23. Rf1 Nd3 24. Bxd3 Rxd3 25. a5 Rdd2 26. Ra4 Ra2
27. Rf4+ Ke7 28. Rh4 h6 29. Rg4 g5 30. h4 Rxa5 31. hxg5 hxg5 32. Rb4 Raa2 33.
Rb7+ Kf6 34. Rb3 a5 35. Rf3+ Kg6 36. Rb3 a4 37. Rb4 e5 38. Rb6+ f6 39. Rb8 a3
40. Rg8+ Kf5 41. Rb8 Rab2 42. Ra8 a2 43. Ra3 g4 {White resigns} 0-1

[Event "Team 45 45 League T34"]
[Site "Internet Chess Club"]
[Date "2007.08.06"]
[Round "3"]
[White "lmadueno"]
[Black "Creb"]
[Result "0-1"]
[WhiteElo "1617"]
[BlackElo "1798"]
[Opening "French: exchange variation"]
[ECO "C01"]
[Time "18:09:14"]
[TimeControl "2700+45"]

1. e4 e6 2. d4 d5 3. exd5 exd5 4. Nf3 Bd6 5. Nc3 c6 6. Bd3 Nf6 7. O-O O-O 8. Bg5
h6 9. Bh4 Bg4 10. Be2 Bxf3 11. Bxf3 Nbd7 12. Bg4 Qc7 13. Bxd7 Nxd7 14. Bg3 Nf6
15. f4 Rfe8 16. Qd3 Ne4 17. Nxe4 Rxe4 18. c3 Rae8 19. b4 Qd7 20. Rae1 Rxe1 21.
Bxe1 Re4 22. Bg3 Qg4 23. Qf3 Qe6 24. f5 Qf6 25. Bxd6 Qxd6 26. Qh5 Qf6 27. Qh3
Re2 28. a4 Qg5 29. Qf3 Re3 30. h4 Rxf3 31. hxg5 Rxc3 32. gxh6 gxh6 33. Re1 Kf8
34. b5 cxb5 35. axb5 Rb3 36. Ra1 Rxb5 37. Rxa7 Kg7 38. Kf2 Kf6 39. g4 Kg5 40.
Ra8 Kxg4 41. Rg8+ Kxf5 42. Kf3 Rb3+ 43. Ke2 h5 44. Rd8 Ke4 45. Rh8 Rb2+ 46. Kd1
Kd3 47. Kc1 Rb4 48. Rxh5 Rxd4 49. Rh7 Rf4 50. Rh3+ Kc4 51. Kc2 d4 52. Ra3 b5 53.
Ra7 Rf2+ 54. Kd1 Kd3 55. Ra3+ Kc4 56. Ra8 b4 57. Rc8+ Kd3 58. Ke1 Rb2 59. Rh8
Re2+ 60. Kd1 b3 61. Rh3+ Re3 62. Rh2 Kc3 63. Rh8 Kb2 64. Rh2+ Kc3 65. Rh8 d3 66.
Rc8+ Kb2 67. Kd2 Rh3 68. Rf8 Rh2+ 69. Kxd3 Rf2 70. Rc8 Kb1 71. Ke3 Rc2 72. Ra8
b2 73. Rh8 Rc3+ 74. Kd2 Ka2 75. Ra8+ Ra3 {White resigns} 0-1

[Event "Team 45 45 League T34"]
[Site "Internet Chess Club"]
[Date "2007.08.06"]
[Round "3"]
[White "allanchs"]
[Black "AntonioMendonca"]
[Result "0-1"]
[WhiteElo "1543"]
[BlackElo "1637"]
[Opening "Sicilian: dragon, classical, 9.Nb3"]
[ECO "B74"]
[Time "17:02:27"]
[TimeControl "2700+45"]

1. e4 c5 2. Nf3 d6 3. d4 cxd4 4. Nxd4 Nf6 5. Nc3 g6 6. Be3 Bg7 7. Be2 O-O 8. O-O
Nc6 9. Nb3 Be6 10. f4 Rc8 11. h3 a6 12. a4 Bxb3 13. cxb3 a5 14. Bc4 Nb4 15. Bd4
Nc6 16. Be3 Nd7 17. Qd2 Nb4 18. Rad1 Nc5 19. Bxc5 Rxc5 20. Nd5 Nxd5 21. Bxd5 Qb6
22. Qf2 Qb4 23. Bc4 Rfc8 24. Kh1 Bf8 25. e5 e6 26. exd6 Rxc4 27. bxc4 Bxd6 28.
Rc1 Bc5 29. Qe2 Bd4 30. Qe4 Bg7 31. Qc2 Bh6 32. g4 Qc5 33. b3 Rd8 34. Rcd1 Qc6+
35. Qg2 Rxd1 36. Rxd1 Qc7 37. Qd2 Qc6+ 38. Kh2 Qf3 39. g5 Bf8 40. Rg1 Bb4 41.
Qd8+ Kg7 42. Qf6+ Kg8 43. Qd8+ Bf8 44. Qxa5 Qxf4+ 45. Kh1 Qf3+ 46. Rg2 Qxh3+ 47.
Rh2 Qf1# {White checkmated} 0-1

[Event "Team 45 45 League T34"]
[Site "Internet Chess Club"]
[Date "2007.08.04"]
[Round "3"]
[White "AlekLondon"]
[Black "fredd"]
[Result "0-1"]
[WhiteElo "1485"]
[BlackElo "1516"]
[Opening "Old Indian defense"]
[ECO "A53"]
[Time "10:18:27"]
[TimeControl "2700+45"]

1. d4 Nf6 2. c4 d6 3. Nf3 Bf5 4. Nc3 Nc6 5. Nh4 Bd7 6. e4 e5 7. d5 Nd4 8. h3 c6
9. Be3 c5 10. Bd3 Be7 11. Nf3 O-O 12. O-O a6 13. Ne2 Nxf3+ 14. Kh1 Nd4 15. f4
Qc8 16. f5 g6 17. Nxd4 cxd4 18. Bh6 Re8 19. Qf3 Kh8 20. g4 Ng8 21. Bd2 g5 22.
Rg1 f6 23. h4 h6 24. hxg5 fxg5 25. Qh3 Rf8 26. Raf1 Rf7 27. Rg2 Rh7 28. Kg1 Kg7
29. Rh2 b5 30. b3 Nf6 31. Rf3 Qh8 32. Qg2 bxc4 33. Bxc4 Nxe4 34. Bc1 Bb5 35.
Rfh3 Nc5 36. Bxb5 axb5 37. b4 Nd7 38. Qf1 Rb8 39. a3 Nf6 40. Qg2 Rc8 41. Bb2 h5
42. gxh5 Nxh5 43. Qf3 Nf6 44. Qg2 Nh5 45. Qg4 Rc4 46. Rxh5 Rxh5 47. Rxh5 d3 48.
Qf3 Qc8 49. Qxd3 Qe8 50. Rh2 Bf6 51. Qh3 Rh4 52. Qc3 Rxh2 53. Kxh2 Qh5+ 54. Kg1
Qg4+ 55. Kh2 Qxf5 56. Qc7+ Kg6 57. Qc1 Qf4+ 58. Qxf4 gxf4 59. a4 bxa4 60. b5 Bd8
61. Kg2 e4 62. Kf2 Kf5 63. Bd4 a3 64. b6 e3+ 65. Kf3 Bxb6 66. Bxb6 Ke5 67. Ba5
Kd4 68. Bd8 Kd3 69. Kxf4 e2 {White resigns} 0-1

[Event "Team 45 45 League T34"]
[Site "Internet Chess Club"]
[Date "2007.08.04"]
[Round "3"]
[White "houseofcook"]
[Black "Bastet"]
[Result "0-1"]
[WhiteElo "1412"]
[BlackElo "1420"]
[Opening "Sicilian: Smith-Morra gambit"]
[ECO "B21"]
[Time "10:04:33"]
[TimeControl "2700+45"]

1. e4 c5 2. d4 cxd4 3. c3 dxc3 4. Nxc3 Nc6 5. Nf3 d6 6. Bc4 a6 7. O-O Nf6 8. h3
e6 9. Qe2 Be7 10. Rd1 O-O 11. e5 Ne8 12. Bf4 d5 13. Bb3 g6 14. Rac1 Ng7 15. Ne4
Nf5 16. Ng3 Nh4 17. Nd4 Nxd4 18. Rxd4 Bd7 19. Rd2 Bb5 20. Qd1 Qd7 21. Ne4 f5 22.
Nd6 Bxd6 23. exd6 Qd8 24. g3 g5 25. Be3 Ng6 26. Bc5 Re8 27. Rdc2 Bc6 28. Rc3 Ne5
29. Ba3 g4 30. h4 d4 31. R3c2 Nf3+ 32. Kf1 Kg7 33. Ke2 e5 34. Qd3 e4 35. Qc4 Ne5
36. Qb4 d3+ 37. Ke3 dxc2 38. Bxc2 Nd3 39. Bxd3 exd3+ 40. Kxd3 Bb5+ 41. Kd2 Re2+
42. Kd1 Rc8 43. Qd4+ Kg6 44. Bc5 Qa5 45. Qf4 Qe1# {White checkmated} 0-1

[Event "Team 45 45 League T34"]
[Site "Internet Chess Club"]
[Date "2007.08.03"]
[Round "3"]
[White "az2112"]
[Black "vollmerj"]
[Result "1/2-1/2"]
[WhiteElo "1724"]
[BlackElo "1707"]
[Opening "Alekhine's defense: four pawns attack"]
[ECO "B03"]
[Time "18:03:21"]
[TimeControl "2700+45"]

1. e4 Nf6 2. e5 Nd5 3. d4 d6 4. c4 Nb6 5. f4 dxe5 6. fxe5 c5 7. d5 e6 8. Nc3
exd5 9. cxd5 c4 10. Nf3 Bb4 {Game drawn by mutual agreement} 1/2-1/2

[Event "Team 45 45 League T34"]
[Site "Internet Chess Club"]
[Date "2007.08.05"]
[Round "3"]
[White "GadsHill"]
[Black "Chess2Play"]
[Result "1-0"]
[WhiteElo "1645"]
[BlackElo "1649"]
[Opening "QGD: Tarrasch, Prague variation"]
[ECO "D33"]
[Time "11:01:51"]
[TimeControl "2700+45"]

1. d4 d5 2. c4 e6 3. Nc3 c5 4. cxd5 exd5 5. Nf3 Nf6 6. g3 Nc6 7. Bg2 cxd4 8.
Nxd4 Bb4 9. Bg5 Bxc3+ 10. bxc3 Nxd4 11. cxd4 Qa5+ 12. Bd2 Qb6 13. e3 Ne4 14. O-O
Nxd2 15. Qxd2 Be6 16. Rfc1 O-O 17. Rab1 Qd6 18. Rxb7 Rfb8 19. Rcc7 Rxb7 20. Rxb7
Qa6 21. Qb2 Qa4 22. Rb8+ Rxb8 23. Qxb8+ {Black resigns} 1-0

[Event "Team 45 45 League T34"]
[Site "Internet Chess Club"]
[Date "2007.08.03"]
[Round "3"]
[White "Toalla"]
[Black "Cantemir"]
[Result "1-0"]
[WhiteElo "1415"]
[BlackElo "1493"]
[Opening "Queen's gambit declined"]
[ECO "D30"]
[Time "08:05:49"]
[TimeControl "2700+45"]

1. d4 d5 2. c4 e6 3. Nf3 c5 4. g3 cxd4 5. Nxd4 dxc4 6. Bg2 e5 7. Qa4+ Bd7 8.
Qxc4 Qa5+ 9. Bd2 Qb6 10. Nb3 Bc6 11. O-O Bxg2 12. Kxg2 Qc6+ 13. Qxc6+ Nxc6 14.
Nc3 Nf6 15. Rac1 Be7 16. Nb5 O-O 17. a3 a6 18. Nc3 Rfd8 19. Rfd1 Rac8 20. Bg5 h6
21. Bxf6 Bxf6 22. e3 g6 23. Rxd8+ Rxd8 24. Rd1 Rxd1 25. Nxd1 b6 26. Nc3 Bg7 27.
Nd2 f5 28. e4 f4 29. Nd5 Kf7 30. Nxb6 g5 31. Nd5 g4 32. f3 gxf3+ 33. Nxf3 Nd4
34. gxf4 Nxf3 35. Kxf3 exf4 36. Kxf4 Bxb2 37. a4 a5 38. Kf5 Bd4 39. h3 Kg7 40.
e5 Bc5 41. e6 Kf8 42. Kg6 h5 43. Kxh5 Kg7 44. Kg5 Bd6 45. h4 Ba3 46. h5 Bc1+ 47.
Kf5 Bd2 48. e7 Kf7 49. Ke5 Bh6 50. Kd6 Bg5 51. Kd7 Bxe7 52. Nxe7 Kg7 53. Nc6 Kh6
54. Nxa5 Kxh5 55. Nc6 Kg6 56. a5 Kf7 57. a6 Kf8 58. a7 Kf7 59. a8=Q Kf6 60. Qf8+
Kg6 61. Ke6 Kh7 62. Qf4 Kh8 63. Qg4 Kh7 64. Kf7 Kh8 65. Qg7# {Black checkmated}
1-0

[Event "Team 45 45 League T34"]
[Site "Internet Chess Club"]
[Date "2007.08.04"]
[Round "3"]
[White "Russellovich"]
[Black "sdcohle"]
[Result "1/2-1/2"]
[WhiteElo "1585"]
[BlackElo "1377"]
[Opening "Sicilian: classical"]
[ECO "B72"]
[Time "09:31:53"]
[TimeControl "2700+45"]

1. e4 c5 2. Nf3 d6 3. d4 cxd4 4. Nxd4 Nf6 5. Nc3 Nc6 6. Be2 g6 7. Be3 Bg7 8. f3
O-O 9. Qd2 Nh5 10. g4 Nxd4 11. Bxd4 Bxd4 12. Qxd4 Nf4 13. O-O-O Be6 14. Kb1 Qc7
15. h4 Rac8 16. Bd3 Qc5 17. Qxc5 dxc5 18. h5 g5 19. e5 h6 20. Bf5 Bxf5 21. gxf5
Rfd8 22. Rde1 Rd2 23. Ne4 Rd5 24. f6 e6 25. Nd6 Rd8 26. Re4 Rd7 27. c3 Nd3 28.
Rd1 Nf4 29. Rh1 Nd3 {Game drawn by mutual agreement} 1/2-1/2

[Event "Team 45 45 League T34"]
[Site "Internet Chess Club"]
[Date "2007.08.11"]
[Round "3"]
[White "searchforbobby1"]
[Black "Ozgur-Bjk"]
[Result "1-0"]
[WhiteElo "2104"]
[BlackElo "2158"]
[Opening "Sicilian: Alapin's variation (2.c3)"]
[ECO "B22"]
[Time "10:58:16"]
[TimeControl "2700+45"]

1. e4 c5 2. c3 d5 3. exd5 Qxd5 4. d4 Nf6 5. Nf3 Nc6 6. Be2 e6 7. O-O cxd4 8.
cxd4 Be7 9. Nc3 Qd8 10. a3 O-O 11. Bc4 b6 12. Bg5 Bb7 13. Qd3 Qc7 14. Rfd1 Rfd8
15. Qe2 Rac8 16. Rac1 Nd5 17. Bxd5 exd5 18. Bxe7 Qxe7 19. Qxe7 Nxe7 20. Nb5 Nc6
21. b4 a5 22. bxa5 bxa5 23. h3 Ba6 24. Nc3 Bc4 25. Rd2 Rb8 26. Na4 Rb3 27. Ra1
Rdb8 28. Rc2 Rd3 29. Nc5 Nxd4 30. Nxd4 Rxd4 31. f3 h6 32. Kf2 Re8 33. a4 Kh7 34.
g3 Kg6 35. Rb1 Bd3 36. Rb6+ f6 37. Rd2 {Black resigns} 1-0

[Event "Team 45 45 League T34"]
[Site "Internet Chess Club"]
[Date "2007.08.05"]
[Round "3"]
[White "Extremophile"]
[Black "Burning-Bush"]
[Result "1-0"]
[WhiteElo "2179"]
[BlackElo "2105"]
[Opening "Ruy Lopez: closed, anti-Marshall 8.a4"]
[ECO "C88"]
[Time "14:43:00"]
[TimeControl "2700+45"]

1. e4 e5 2. Nf3 Nc6 3. Bb5 a6 4. Ba4 Nf6 5. O-O Be7 6. Re1 b5 7. Bb3 O-O 8. a4
Bb7 9. d3 d6 10. Nbd2 Re8 11. Nf1 Na5 12. Ba2 b4 13. Bd2 c5 14. Ne3 h6 15. Nf5
Bf8 16. h3 Bc8 17. g4 Be6 18. g5 hxg5 19. Bxg5 Bxf5 20. exf5 Be7 21. Kh2 Nh7 22.
Bd2 Qd7 23. Rg1 Qxf5 24. Qe2 Ra7 25. Rg4 Bf6 26. Rag1 Kf8 27. Rxg7 Bxg7 28. Nh4
Qf6 29. Qh5 Ke7 30. Rxg7 Qxf2+ 31. Rg2 Qf6 32. Qxh7 Kd7 33. Bg5 Qf1 34. Bxf7 Kc8
35. Be6+ Kb8 36. Qg6 Qf8 37. Nf5 Nb7 38. Bh6 {Black resigns} 1-0

[Event "Team 45 45 League T34"]
[Site "Internet Chess Club"]
[Date "2007.08.02"]
[Round "3"]
[White "spacecadet"]
[Black "Avedldesierto"]
[Result "1-0"]
[WhiteElo "2075"]
[BlackElo "1716"]
[Opening "Sicilian: Grand Prix attack"]
[ECO "B23"]
[Time "20:30:07"]
[TimeControl "2700+45"]

1. e4 c5 2. Nc3 Nc6 3. f4 e5 4. Nf3 exf4 5. Bc4 Na5 6. Bxf7+ Kxf7 7. Ne5+ Kf6 8.
d4 cxd4 9. Qxd4 Ke7 10. Qd5 Nh6 11. Bxf4 Qb6 12. Qd1 Qe6 13. Nd5+ Kd8 14. Bg5+
Be7 15. Bxe7+ Qxe7 16. Nxe7 Kxe7 17. Qd2 Nc6 18. O-O-O Nxe5 19. Qd6+ Kd8 20.
Qxe5 Rg8 21. Qd5 Re8 22. e5 Nf5 23. e6 Ne3 24. Qg5+ {Black resigns} 1-0

[Event "Team 45 45 League T34"]
[Site "Internet Chess Club"]
[Date "2007.08.03"]
[Round "3"]
[White "Queen"]
[Black "PublisherKing"]
[Result "0-1"]
[WhiteElo "1763"]
[BlackElo "1891"]
[Opening "QGD Slav: 4.Nc3"]
[ECO "D15"]
[Time "11:15:50"]
[TimeControl "2700+45"]

1. Nf3 c6 2. d4 d5 3. c4 Nf6 4. Nc3 Bf5 5. Qb3 Qb6 6. Qxb6 axb6 7. cxd5 Nxd5 8.
Nxd5 cxd5 9. e3 Nc6 10. Bb5 e6 11. Ne5 Rc8 12. O-O Bd6 13. b3 f6 14. Nd3 O-O 15.
Rd1 Na7 16. a4 Nxb5 17. axb5 Rc3 18. Nf4 Rxb3 19. Ra7 Rb1 20. Ne2 Rc8 21. Re1
Bd3 22. g3 Bxe2 23. Rxe2 Rcxc1+ 24. Kg2 Rc7 25. Rea2 Rxb5 26. Kf3 e5 27. dxe5
fxe5 28. Kg4 Kf7 29. h4 g6 30. h5 Kf6 31. hxg6 hxg6 32. Rd2 d4 33. exd4 Rb4 34.
f4 Rxd4 35. Rxd4 exd4 36. Ra2 Rc3 37. Rd2 Bc5 38. Rh2 b5 39. Rh6 d3 40. f5 d2
41. Rxg6+ Kf7 {White resigns} 0-1

[Event "Team 45 45 League T34"]
[Site "Internet Chess Club"]
[Date "2007.08.07"]
[Round "3"]
[White "aksuw"]
[Black "EdTheKing"]
[Result "1/2-1/2"]
[WhiteElo "2008"]
[BlackElo "1844"]
[Opening "French: Winawer, advance, positional main line"]
[ECO "C19"]
[Time "10:15:20"]
[TimeControl "2700+45"]

1. e4 e6 2. d4 d5 3. Nc3 Bb4 4. e5 c5 5. a3 Bxc3+ 6. bxc3 Ne7 7. Nf3 Bd7 8. a4
Qc7 9. Bd3 c4 10. Be2 a5 11. O-O {Game drawn by mutual agreement} 1/2-1/2

[Event "Team 45 45 League T34"]
[Site "Internet Chess Club"]
[Date "2007.08.06"]
[Round "3"]
[White "Shadowknife7"]
[Black "PaulKaspar"]
[Result "0-1"]
[WhiteElo "1889"]
[BlackElo "1890"]
[Opening "Réti opening"]
[ECO "A05"]
[Time "21:05:50"]
[TimeControl "2700+45"]

1. Nf3 Nf6 2. g3 d5 3. Bg2 e6 4. O-O c5 5. d3 Nc6 6. b3 Bd6 7. c4 O-O 8. Nc3 a6
9. e3 Bd7 10. d4 cxd4 11. exd4 Rc8 12. c5 Bc7 13. Bg5 h6 14. Be3 b6 15. Na4 b5
16. Nc3 Ng4 17. Bc1 b4 18. Ne2 a5 19. h3 Nf6 20. Be3 Ne4 21. Nd2 Nf6 22. f4 Ne7
23. Nc1 Nf5 24. Bf2 Bb5 25. Re1 Qd7 26. Qf3 Bc6 27. Qd3 Bb5 28. Qc2 Bc6 29. Kh2
h5 30. Kh1 g6 31. Qd1 Kg7 32. Nd3 Qe8 33. Ne5 Bb5 34. Rc1 Nd7 35. Ndf3 f6 36.
Nd3 Bc6 37. Rc2 Qf7 38. Qe2 Bb5 39. c6 Nb8 40. Rec1 Bb6 41. c7 Rxc7 42. Rxc7
Bxc7 43. Rc5 Bxd3 44. Qxd3 Bb6 45. Rb5 Nd7 46. g4 Nd6 47. Rxb6 Nxb6 48. gxh5
gxh5 49. Nh4 Rc8 50. Qg3+ Kf8 51. f5 Ke7 52. fxe6 Qxe6 53. Qg7+ Kd8 54. Qh8+ Kc7
55. Qxh5 Ne4 56. Be1 Kb7 57. Qd1 Qc6 58. Qh5 Qc1 59. Qf7+ Rc7 60. Qg8 Qxe1+ 61.
Kh2 {White resigns} 0-1

[Event "Team 45 45 League T34"]
[Site "Internet Chess Club"]
[Date "2007.08.06"]
[Round "3"]
[White "rubo"]
[Black "Fritos"]
[Result "0-1"]
[WhiteElo "1766"]
[BlackElo "1744"]
[Opening "Bird's opening"]
[ECO "A03"]
[Time "18:57:21"]
[TimeControl "2700+45"]

1. f4 d5 2. b3 Bf5 3. Bb2 Nf6 4. e3 e6 5. Nf3 Bd6 6. Be2 Nbd7 7. Ne5 Qe7 8. O-O
O-O-O 9. Qc1 h5 10. c4 Kb8 11. cxd5 exd5 12. d4 h4 13. Nd2 Ne4 14. Nxe4 Bxe4 15.
Nc6+ bxc6 16. Qxc6 Bd3 17. Bf3 Qxe3+ 18. Kh1 Qxf4 19. Qa8+ Kxa8 20. Bxd5+ Kb8
21. Rxf4 Bxf4 22. Bxf7 h3 23. g3 Be3 24. Bd5 Ne5 25. dxe5 Rxd5 {White resigns}
0-1

[Event "Team 45 45 League T34"]
[Site "Internet Chess Club"]
[Date "2007.08.12"]
[Round "3"]
[White "Avedldesierto"]
[Black "cascarillo"]
[Result "0-1"]
[WhiteElo "1684"]
[BlackElo "2049"]
[Opening "Sicilian: Scheveningen (Paulsen), classical variation"]
[ECO "B84"]
[Time "16:25:39"]
[TimeControl "2700+45"]

1. e4 c5 2. Nf3 d6 3. d4 cxd4 4. Nxd4 Nf6 5. Nc3 a6 6. Be2 e6 7. Be3 Qc7 8. O-O
Be7 9. Nb3 O-O 10. g4 b5 11. g5 Nfd7 12. a3 Ne5 13. f4 Nc4 14. Bxc4 Qxc4 15. Qh5
f5 16. Rf3 g6 17. Qh6 Rf7 18. exf5 Bf8 19. Qh4 exf5 20. Rh3 Bb7 21. Na5 Qc7 22.
Nxb7 Qxb7 23. Rd1 Nd7 24. Nd5 Re8 25. b3 a5 26. Rd2 Re4 27. Bf2 a4 28. b4 Qc6
29. Ne3 Nb6 30. Nxf5 gxf5 31. g6 Rg7 32. Kf1 Qc4+ 33. Rdd3 Nd7 34. gxh7+ Kh8 35.
Rg3 Rxf4 36. Rxg7 Rxh4 37. Rxd7 Rf4 38. Kg1 Rxf2 39. Kxf2 Qxc2+ {White resigns}
0-1

[Event "Team 45 45 League T34"]
[Site "Internet Chess Club"]
[Date "2007.08.02"]
[Round "3"]
[White "Amauta"]
[Black "Dbronstein06"]
[Result "1-0"]
[WhiteElo "1966"]
[BlackElo "1662"]
[Opening "Pirc defense"]
[ECO "B07"]
[Time "18:19:18"]
[TimeControl "2700+45"]

1. e4 d6 2. d4 Nf6 3. Bd3 g6 4. Ne2 Bg7 5. O-O O-O 6. Ng3 Nc6 7. c3 e5 8. d5 Nb8
9. h3 c6 10. c4 Nbd7 11. Nc3 a5 12. Bg5 h6 13. Be3 Nc5 14. Be2 cxd5 15. cxd5 Bd7
16. Qd2 Kh7 17. f4 exf4 18. Rxf4 Ng8 19. Raf1 Qe7 20. Bd4 Be5 21. Bxe5 dxe5 22.
R4f3 Qe8 23. Qe3 b6 24. a3 a4 25. Bc4 Rc8 26. d6 Be6 27. Nd5 Nd7 28. Nc7 Rxc7
29. Bxe6 Qxe6 30. dxc7 Ne7 31. Qd2 b5 32. Rxf7+ Rxf7 33. Rxf7+ Qxf7 34. Qxd7 Kg7
35. Ne2 Kf6 36. Nc3 Qe6 37. Nd5+ Nxd5 38. Qxe6+ Kxe6 39. c8=Q+ {Black resigns}
1-0

[Event "Team 45 45 League T34"]
[Site "Internet Chess Club"]
[Date "2007.08.06"]
[Round "3"]
[White "egd01"]
[Black "makito"]
[Result "1/2-1/2"]
[WhiteElo "1555"]
[BlackElo "1756"]
[Opening "Petrov: classical attack, Marshall variation"]
[ECO "C42"]
[Time "11:57:42"]
[TimeControl "2700+45"]

1. e4 e5 2. Nf3 Nf6 3. Nxe5 d6 4. Nf3 Nxe4 5. d4 d5 6. Bd3 Bd6 7. Nbd2 Nf6 8. h3
O-O 9. c3 Re8+ 10. Be2 Bf5 11. O-O h6 12. Re1 c5 13. dxc5 Bxc5 14. Nd4 Bg6 15.
N2f3 Qb6 16. b4 Bf8 17. Be3 Qd8 18. Bd3 Ne4 19. Qb3 a6 20. Rad1 Qd6 21. Nh4 Bh7
22. f3 Nf6 23. Bxh7+ Kxh7 24. Qc2+ g6 25. Qd2 Nbd7 26. Bf4 Ne5 27. Bh2 Nfd7 28.
f4 Nc4 29. Qf2 Bg7 30. f5 Nde5 31. fxg6+ fxg6 32. Nhf3 Rf8 33. Qe2 Rae8 34. Nxe5
Bxe5 35. Bxe5 Rxe5 36. Qg4 Ne3 37. Qe2 Rfe8 38. Rc1 Nc4 39. Qf2 Rf8 40. Qg3 Rfe8
41. Rxe5 Qxe5 42. Qg4 Re7 43. Qd1 Ne3 44. Qe2 Qg5 45. Re1 Nf5 46. Ne6 Qf6 47.
Qe5 Qxe5 48. Rxe5 Kg8 49. Kf2 Ng7 50. Kf3 Rxe6 51. Rxd5 Kf7 52. c4 Ke7 53. g4
Ne8 54. a4 Nf6 55. Rc5 Kd7 56. g5 hxg5 57. Rxg5 Ne4 58. Rd5+ Ke7 59. Kf4 Nd6 60.
c5 Nc4 61. Kg5 Re5+ 62. Rxe5+ Nxe5 63. Kf4 Ke6 64. Ke4 g5 65. b5 axb5 66. axb5
Kf6 67. Kd5 Nf7 68. c6 bxc6+ 69. Kxc6 Ne5+ 70. Kd5 Nf7 71. b6 Nd8 72. Ke4 Ke6
73. Kf3 Kf5 74. Kg3 Nb7 75. h4 {Game drawn by mutual agreement} 1/2-1/2